[Event "Titled Tuesday Blitz January 10 Early 2023"]
[White "Mohammed, Dilshad"]
[Black "Tomaszewski, Kacper"]
[WhiteFideId "5050421"]
[BlackFideId "1127373"]
[WhiteElo "2103"]
[BlackElo "2313"]
[Result "0-1"]
[Round "06"]
[TimeControl "180+2"]
[Date "2023.01.10"]
[WhiteClock "0:00:18"]
[BlackClock "0:00:54"]

1. Nf3 g6 2. e4 Bg7 3. Bc4 c5 4. c3 e6 5. d4 cxd4 6. cxd4 d5 7. exd5 exd5 8. Bb3 Ne7 9. O-O O-O 10. Bg5 Nbc6 11. Re1 Qd6 12. Nc3 a6 13. Rc1 h6 14. Bxe7 Nxe7 15. Rxe7 Qxe7 16. Nxd5 Qe4 17. Nc7 Rb8 18. d5 Bg4 19. d6 Bxf3 20. Qxf3 Qxf3 21. gxf3 Rbd8 22. Rd1 Be5 23. Nd5 Bxd6 24. Kg2 Kg7 25. f4 Bc5 26. Kf3 Rd6 27. Rc1 b6 28. a4 Rfd8 29. Ne3 Rd3 30. Bc4 Rd2 31. Bxa6 Rxb2 32. Bb5 Rdd2 33. Nd1 Rbc2 34. Rxc2 Rxc2 35. Ne3 Bxe3 36. fxe3 Rxh2 0-1


[Site "https://www.chess.com"]

[Event "Titled Tuesday Blitz January 10 Early 2023"]
[White "Mayank Chakraborty"]
[Black "Ovezdurdyyeva, Jemal"]
[WhiteFideId "25659766"]
[BlackFideId "14001888"]
[WhiteElo "2025"]
[BlackElo "2078"]
[Result "1-0"]
[Round "06"]
[TimeControl "180+2"]
[Date "2023.01.10"]
[WhiteClock "0:00:47"]
[BlackClock "0:00:37"]

1. d4 Nf6 2. c4 e6 3. g4 Nxg4 4. e4 h5 5. h3 Nh6 6. Qxh5 b6 7. Nc3 Nc6 8. Qd1 Bb7 9. Bg2 Qf6 10. Nge2 O-O-O 11. Be3 Qg6 12. Rg1 f5 13. Qa4 Kb8 14. O-O-O fxe4 15. Bxe4 Qf7 16. d5 Ne5 17. d6 c6 18. c5 b5 19. Nxb5 cxb5 20. Qxb5 Nc6 21. Nd4 Ka8 22. Rg3 Nf5 23. Nxf5 exf5 24. Bd5 Qf6 25. Bg5 Qe5 26. Bxd8 Nxd8 27. Bxb7+ Nxb7 28. Qxd7 Qxc5+ 29. Rc3 1-0


[Site "https://www.chess.com"]

[Event "Titled Tuesday Blitz January 10 Early 2023"]
[White "Baches Garcia, Guillermo"]
[Black "Balint, Vilmos"]
[WhiteFideId "2209764"]
[BlackFideId "718050"]
[WhiteElo "2327"]
[BlackElo "2169"]
[Result "1/2-1/2"]
[Round "06"]
[TimeControl "180+2"]
[Date "2023.01.10"]
[WhiteClock "0:00:48"]
[BlackClock "0:01:07"]

1. e4 e6 2. d4 d5 3. exd5 exd5 4. Nf3 Nf6 5. Bd3 Be7 6. O-O O-O 7. Bg5 Re8 8. Nbd2 h6 9. Bh4 c6 10. c3 Bg4 11. Qc2 Nbd7 12. Rae1 Qb6 13. Ne5 Nxe5 14. dxe5 Nd7 15. Bg3 Nc5 16. Bh7+ Kh8 17. Bf5 Bxf5 18. Qxf5 Qxb2 19. Nf3 Kg8 20. e6 fxe6 21. Rxe6 Nxe6 22. Qxe6+ Kh8 23. Ne5 Bf6 24. Nf7+ Kh7 25. Qf5+ Kg8 26. Nxh6+ gxh6 27. Qxf6 Qc2 28. Be5 Qh7 29. f4 Re7 30. Rf3 Qb1+ 31. Rf1 Qh7 32. Rf3 Qb1+ 33. Rf1 Qh7 1/2-1/2


[Site "https://www.chess.com"]

[Event "Titled Tuesday Blitz January 10 Early 2023"]
[White "Marn, Jan"]
[Black "surrenderPLS"]
[WhiteFideId "14619245"]
[WhiteElo "2345"]
[BlackElo "2533"]
[Result "0-1"]
[Round "06"]
[TimeControl "180+2"]
[Date "2023.01.10"]
[WhiteClock "0:00:05"]
[BlackClock "0:00:03"]

1. d4 Nf6 2. Nf3 g6 3. Nbd2 c5 4. dxc5 Qa5 5. a3 Qxc5 6. b4 Qc7 7. Bb2 Bg7 8. e3 O-O 9. Be2 d6 10. O-O Nc6 11. c4 Bf5 12. Rc1 a5 13. Qb3 b6 14. Rfd1 Rfc8 15. b5 Nb8 16. Nd4 Bd7 17. Nb1 e5 18. Nf3 Bf5 19. Nc3 Nbd7 20. Nd5 Nxd5 21. cxd5 Nc5 22. Qa2 Qe7 23. a4 Rc7 24. Nd2 Rac8 25. Nc4 Rb7 26. Ba3 Qd8 27. Bxc5 Rxc5 28. Nd2 Rbc7 29. Rxc5 Rxc5 30. e4 Bd7 31. Nb3 Rc3 32. Rc1 Qc7 33. Qb2 Rxc1+ 34. Qxc1 Qxc1+ 35. Nxc1 f5 36. f3 Bh6 37. Nd3 Be3+ 38. Kf1 Kf7 39. Nb2 Ke7 40. Nc4 Bc5 41. g4 Kf6 42. h4 h6 43. Kg2 fxe4 44. fxe4 Ke7 45. g5 h5 46. Kg3 Kd8 47. Bf3 Kc7 48. Bg2 Bb4 49. Bh3 Be1+ 50. Kg2 Bxh4 51. Bxd7 Kxd7 52. Nxb6+ Kc7 53. Nc4 Bxg5 54. Nxa5 Bf4 55. Nc4 g5 56. a5 g4 57. a6 h4 58. b6+ Kb8 59. Na5 h3+ 60. Kg1 g3 61. Nc6+ Kc8 62. b7+ Kd7 63. b8=Q Be3+ 64. Kh1 g2+ 65. Kh2 g1=Q+ 66. Kxh3 Qf1+ 67. Kg4 Qf4+ 68. Kh3 Qf3+ 69. Kh2 Bf4+ 70. Kg1 Qe3+ 71. Kg2 Qxe4+ 72. Kf1 Qf3+ 73. Ke1 Bg3+ 74. Kd2 Qxd5+ 75. Ke2 Qxc6 76. a7 Qe4+ 77. Kd1 Qd3+ 78. Kc1 Bf4+ 79. Kb2 Qd4+ 80. Kb3 Qd5+ 81. Ka4 Qa2+ 82. Kb5 Qb3+ 83. Ka6 Qa4+ 84. Kb7 Qc6# 0-1


[Site "https://www.chess.com"]

[Event "Titled Tuesday Blitz January 10 Early 2023"]
[White "Gjestemoen-VonHirsch, Andre"]
[Black "Kuzmin, Roman"]
[WhiteFideId "1539531"]
[BlackFideId "44134932"]
[WhiteElo "2314"]
[BlackElo "2198"]
[Result "1-0"]
[Round "06"]
[TimeControl "180+2"]
[Date "2023.01.10"]
[WhiteClock "0:00:43"]
[BlackClock "0:00:01"]

1. d4 Nf6 2. Nf3 e6 3. Bf4 b6 4. e3 Bb7 5. Nbd2 d6 6. Bd3 Nbd7 7. c3 g6 8. Qe2 Bg7 9. Rd1 Qe7 10. Ba6 Bc6 11. e4 e5 12. Bg3 exd4 13. Nxd4 Bxe4 14. Nxe4 Qxe4 15. O-O Qxe2 16. Bxe2 O-O 17. Bf3 Rae8 18. Nb5 Ne5 19. Bxe5 dxe5 20. Nxc7 Rd8 21. Nb5 e4 22. Be2 a5 23. Nd6 h5 24. Bc4 Rd7 25. Nxe4 Rxd1 26. Nxf6+ 1-0


[Site "https://www.chess.com"]

[Event "Titled Tuesday Blitz January 10 Early 2023"]
[White "Nguyen Hong Nhung"]
[Black "Vasques, Antonio Pedro Freixial"]
[WhiteFideId "12412201"]
[BlackFideId "1908332"]
[WhiteElo "2003"]
[BlackElo "2214"]
[Result "1-0"]
[Round "06"]
[TimeControl "180+2"]
[Date "2023.01.10"]
[WhiteClock "0:00:15"]
[BlackClock "0:00:14"]

1. e4 c5 2. Nc3 Nc6 3. f4 g6 4. Nf3 Bg7 5. Bc4 e6 6. O-O Nge7 7. d3 d5 8. Bb3 O-O 9. Qe1 Nd4 10. Nxd4 cxd4 11. Ne2 dxe4 12. dxe4 a5 13. a4 Nc6 14. Ng3 d3 15. cxd3 Qxd3 16. Rf3 Qd4+ 17. Kh1 Nb4 18. e5 Bd7 19. Ne2 Qc5 20. Be3 Qe7 21. Rd1 Bc6 22. Rh3 Rfd8 23. Nd4 Bd5 24. Bf2 b5 25. Bxd5 Rxd5 26. Nxb5 Rad8 27. Rxd5 Rxd5 28. Qe2 g5 29. Nc3 Rd8 30. Qh5 gxf4 31. Qxh7+ Kf8 32. Bh4 Qa7 33. Bxd8 Qf2 34. Qb1 Nd3 35. Rxd3 f3 36. Rxf3 Qe2 37. Qf1 Qxe5 38. Rxf7+ Kg8 39. Bc7 Qe4 40. Rxg7+ Kxg7 41. Nxe4 1-0


[Site "https://www.chess.com"]

[Event "Titled Tuesday Blitz January 10 Early 2023"]
[White "Gheorghiu, Calin"]
[Black "Wilson, Elvin"]
[WhiteFideId "1200305"]
[BlackFideId "2014874"]
[WhiteElo "2313"]
[BlackElo "2183"]
[Result "1/2-1/2"]
[Round "06"]
[TimeControl "180+2"]
[Date "2023.01.10"]
[WhiteClock "0:00:06"]
[BlackClock "0:00:19"]

1. b3 e5 2. Bb2 Nc6 3. e3 Nf6 4. Bb5 Bd6 5. Na3 a6 6. Bxc6 dxc6 7. Nc4 e4 8. Nxd6+ Qxd6 9. Ne2 O-O 10. Ng3 Re8 11. O-O Bg4 12. Qe1 Rad8 13. h3 Bc8 14. Rd1 Nd5 15. d3 exd3 16. Rxd3 Qg6 17. Qd2 Rd7 18. c4 Nb6 19. Rxd7 Nxd7 20. Rd1 Nf8 21. Qd4 Ne6 22. Qd3 Qxd3 23. Rxd3 Rd8 24. Rxd8+ Nxd8 25. Be5 Ne6 26. Nf5 f6 27. Bg3 Kf7 28. Nd4 Nxd4 29. exd4 b5 30. cxb5 cxb5 31. Bxc7 Ke6 32. Kf1 Kd5 33. Bb6 Bf5 34. Ke2 Bb1 35. Kd2 Be4 36. f3 Bf5 37. g4 Be6 38. Bc5 g6 39. h4 f5 40. g5 Bd7 41. Ke3 Bc6 42. Kf4 Ke6 43. Ke3 Bd5 44. f4 Kd7 45. Kd3 Kc6 46. Kc3 Be4 47. a3 Kd5 48. b4 Kc6 49. Ba7 Kd5 50. Bc5 Kc6 51. Kd2 Kd5 52. Kc3 1/2-1/2


[Site "https://www.chess.com"]

[Event "Titled Tuesday Blitz January 10 Early 2023"]
[White "Fathy, Elameir"]
[Black "Shuvalov, Evgenij"]
[WhiteFideId "10600396"]
[BlackFideId "4187237"]
[WhiteElo "2300"]
[BlackElo "2038"]
[Result "0-1"]
[Round "06"]
[TimeControl "180+2"]
[Date "2023.01.10"]
[WhiteClock "0:00:06"]
[BlackClock "0:00:17"]

1. d4 Nf6 2. c4 g6 3. Nc3 d5 4. cxd5 Nxd5 5. Bd2 Bg7 6. e4 Nxc3 7. Bxc3 O-O 8. Qd2 Nc6 9. Nf3 Bg4 10. d5 Bxf3 11. Bxg7 Kxg7 12. gxf3 Ne5 13. O-O-O f6 14. f4 Nf7 15. Bh3 c6 16. dxc6 Qc7 17. Kb1 Qxc6 18. Qe3 Nd6 19. e5 Nc4 20. Qc3 Qe4+ 21. Ka1 fxe5 22. fxe5 Rf3 23. Bg2 Rxc3 24. Bxe4 Rh3 25. Bg2 Rh4 26. Rd7 Nxe5 27. Rxe7+ Kf6 28. Rxb7 Rd8 29. Rxa7 Rxh2 30. Ra6+ Kf5 31. Re1 Rxg2 32. Ra5 Re8 33. f4 Kxf4 34. Ra4+ Kf5 35. a3 Rf2 36. Ra5 g5 37. b4 g4 38. b5 g3 0-1


[Site "https://www.chess.com"]

[Event "Titled Tuesday Blitz January 10 Early 2023"]
[White "Ansh M Shah"]
[Black "Perez Rodriguez, Jennifer"]
[WhiteFideId "25033379"]
[BlackFideId "3507831"]
[WhiteElo "2171"]
[BlackElo "2242"]
[Result "1-0"]
[Round "06"]
[TimeControl "180+2"]
[Date "2023.01.10"]
[WhiteClock "0:01:23"]
[BlackClock "0:00:18"]

1. d4 d5 2. c4 c6 3. cxd5 cxd5 4. Nc3 Nc6 5. Bf4 a6 6. e3 Nf6 7. Nf3 Bg4 8. Rc1 Rc8 9. Bd3 e6 10. Qb3 Na5 11. Qa4+ Nc6 12. Ne5 Bd6 13. Nxc6 Rxc6 14. Bxa6 O-O 15. Bb5 Rc8 16. Bxd6 Qxd6 17. h3 Bf5 18. O-O Ne4 19. Nxe4 Bxe4 20. Be2 Ra8 21. Qb3 h6 22. Rc3 e5 23. dxe5 Qxe5 24. Qb4 Rxa2 25. Rfc1 Kh7 26. Qxf8 1-0


[Site "https://www.chess.com"]

[Event "Titled Tuesday Blitz January 10 Early 2023"]
[White "Carbone, Diego"]
[Black "Levitan, Caleb Levi"]
[WhiteFideId "3002179"]
[BlackFideId "14332620"]
[WhiteElo "2336"]
[BlackElo "2129"]
[Result "0-1"]
[Round "06"]
[TimeControl "180+2"]
[Date "2023.01.10"]
[WhiteClock "0:00:01"]
[BlackClock "0:00:03"]

1. d4 Nf6 2. c4 e6 3. g3 d5 4. Nf3 dxc4 5. Bg2 Bb4+ 6. Bd2 c5 7. Bxb4 cxb4 8. Ne5 O-O 9. a3 Nd5 10. Nxc4 bxa3 11. Nbxa3 Bd7 12. Ne5 Nc6 13. Nxd7 Qxd7 14. O-O Rac8 15. e3 a6 16. Nc4 Nce7 17. Ne5 Qd6 18. Qd2 Nc6 19. Nd3 Nb8 20. Nc5 Nd7 21. Nxb7 Qb6 22. Na5 Nb4 23. b3 Rc7 24. Nc4 Qb5 25. Ra4 Nd5 26. Rfa1 Qxb3 27. Na5 Qc2 28. Qxc2 Rxc2 29. h4 Rfc8 30. Nb3 R2c3 31. Nd2 Rc1+ 32. Kh2 Rxa1 33. Rxa1 Rc2 34. Ne4 Nb4 0-1


[Site "https://www.chess.com"]

[Event "Titled Tuesday Blitz January 10 Early 2023"]
[White "Bas Mas, Jose Joaquin"]
[Black "Vagman, Roy"]
[WhiteFideId "22219064"]
[BlackFideId "2828995"]
[WhiteElo "2197"]
[BlackElo "2273"]
[Result "0-1"]
[Round "06"]
[TimeControl "180+2"]
[Date "2023.01.10"]
[WhiteClock "0:00:03"]
[BlackClock "0:00:04"]

1. e4 d6 2. d4 g6 3. Nc3 Bg7 4. f4 c6 5. Be3 b5 6. Nf3 b4 7. Ne2 Nf6 8. Ng3 d5 9. e5 Ng4 10. Qd2 Nxe3 11. Qxe3 O-O 12. h4 Bg4 13. h5 Qa5 14. Bd3 Nd7 15. f5 e6 16. f6 Bh8 17. hxg6 fxg6 18. Bxg6 b3+ 19. c3 hxg6 20. Rxh8+ Kf7 21. Qh6 Ke8 22. Qg7 Kd8 23. Qe7+ Kc7 24. Qd6+ Kb6 25. Rh7 Rad8 26. Rxd7 Rxd7 27. Qxf8 Rc7 28. Qc5+ Qxc5 29. dxc5+ Kxc5 30. axb3 Rb7 31. b4+ Kc4 32. Ra6 Kb3 33. Rxc6 Kxb2 34. Nd4 a5 35. b5 a4 0-1


[Site "https://www.chess.com"]

[Event "Titled Tuesday Blitz January 10 Early 2023"]
[White "Begunov, Konstantin"]
[Black "Zaichenko, Daria"]
[WhiteFideId "4118510"]
[BlackFideId "4197453"]
[WhiteElo "2325"]
[BlackElo "2104"]
[Result "1-0"]
[Round "06"]
[TimeControl "180+2"]
[Date "2023.01.10"]
[WhiteClock "0:00:07"]
[BlackClock "0:00:01"]

1. d4 d5 2. c4 e6 3. Nc3 Be7 4. Nf3 Nf6 5. Bg5 O-O 6. cxd5 exd5 7. e3 c6 8. Qc2 Ne4 9. Bxe7 Qxe7 10. Bd3 f5 11. O-O Nd7 12. Rab1 a5 13. a3 b6 14. Na4 Bb7 15. Rbc1 Rac8 16. Rfd1 c5 17. dxc5 bxc5 18. Bb5 Ne5 19. Nb6 Nxf3+ 20. gxf3 Ng5 21. Nxc8 Nxf3+ 22. Kg2 Qg5+ 23. Kf1 Nxh2+ 24. Ke2 Qg4+ 25. Kd2 Nf3+ 26. Kc3 d4+ 27. Kb3 Rxc8 28. Ka2 Be4 29. Qc4+ Kh8 30. exd4 Qg6 31. dxc5 Ne5 32. Qd4 Qe6+ 33. Ka1 h6 34. Qd6 Qb3 35. Bd7 1-0


[Site "https://www.chess.com"]

[Event "Titled Tuesday Blitz January 10 Early 2023"]
[White "Ljukin, Sergei"]
[Black "Marcziter, Dmitrii"]
[WhiteFideId "14102200"]
[BlackFideId "13900765"]
[WhiteElo "2362"]
[BlackElo "2234"]
[Result "1-0"]
[Round "06"]
[TimeControl "180+2"]
[Date "2023.01.10"]
[WhiteClock "0:00:25"]
[BlackClock "0:00:37"]

1. e4 c5 2. Nf3 a6 3. c4 e6 4. d4 Qc7 5. d5 exd5 6. exd5 d6 7. Bd3 Nf6 8. O-O Be7 9. h3 O-O 10. Nc3 Re8 11. Bf4 Bf8 12. Re1 g6 13. Qd2 Bg7 14. Rxe8+ Nxe8 15. Ne4 Nd7 16. Re1 Ne5 17. Nxe5 dxe5 18. Bh2 Nd6 19. f4 Nxe4 20. Rxe4 f5 21. Rxe5 Bxe5 22. fxe5 b5 23. e6 Qe7 24. Be5 Bb7 25. Qh6 Qf8 26. Qf4 Qe7 27. b3 Rd8 28. Bb2 Qd6 29. Qg5 Rf8 30. Qh6 Qe7 31. d6 1-0


[Site "https://www.chess.com"]

[Event "Titled Tuesday Blitz January 10 Early 2023"]
[White "Valle Maytin, Luis Enrique"]
[Black "Real_taiatai"]
[WhiteFideId "3503666"]
[WhiteElo "2241"]
[BlackElo "2318"]
[Result "0-1"]
[Round "06"]
[TimeControl "180+2"]
[Date "2023.01.10"]
[WhiteClock "0:00:09"]
[BlackClock "0:00:14"]

1. e4 c5 2. Nf3 g6 3. d4 cxd4 4. Nxd4 Bg7 5. Nc3 Nc6 6. Be3 Nf6 7. Be2 O-O 8. f3 d6 9. Qd2 Bd7 10. h4 h5 11. O-O-O Qa5 12. Kb1 Rfc8 13. Nb3 Qc7 14. Bh6 Bh8 15. Rdg1 Ne5 16. Be3 Nc4 17. Bxc4 Qxc4 18. Bd4 b5 19. g4 b4 20. Bxf6 bxc3 21. Bxc3 Bxc3 22. Qxc3 Qxc3 23. bxc3 hxg4 24. fxg4 Rxc3 25. h5 a5 26. Kb2 Rc4 27. Nd2 Rc5 28. hxg6 fxg6 29. g5 Rb8+ 30. Kc1 Rbc8 31. c4 Be6 32. Rh6 Kg7 33. Rgh1 Rxg5 34. Rh7+ Kf8 35. Rf1+ Ke8 36. Rh8+ Kd7 37. Rxc8 Kxc8 38. Kc2 Rg2 39. Kc3 Rg3+ 40. Kd4 Ra3 41. Rf8+ Kd7 42. Nb3 Rxa2 43. Ra8 Ra4 44. Nd2 Ra3 45. e5 Bf5 46. Ra7+ Ke6 47. Ne4 dxe5+ 48. Kc5 Bxe4 49. Ra6+ Kf5 0-1


[Site "https://www.chess.com"]

[Event "Titled Tuesday Blitz January 10 Early 2023"]
[White "Tymrakiewicz, Rafal"]
[Black "Schut, Han"]
[WhiteFideId "1108832"]
[BlackFideId "1005561"]
[WhiteElo "2144"]
[BlackElo "2101"]
[Result "1-0"]
[Round "06"]
[TimeControl "180+2"]
[Date "2023.01.10"]
[WhiteClock "0:00:14"]
[BlackClock "0:00:08"]

1. d4 Nf6 2. Bg5 d5 3. e3 g6 4. Bxf6 exf6 5. c4 dxc4 6. Bxc4 f5 7. Nc3 Bg7 8. h4 h5 9. Nf3 O-O 10. g3 b6 11. O-O Bb7 12. Ng5 Nd7 13. Qb3 Qe8 14. Bd5 c6 15. Bg2 Nf6 16. Rac1 Rc8 17. Qa4 a6 18. Qb3 b5 19. Na4 Nd7 20. Nc5 Nxc5 21. Rxc5 Qd7 22. Rfc1 Rfe8 23. a3 Bf6 24. Nf3 Be7 25. Ne5 Qe6 26. Qxe6 fxe6 27. R5c2 Rc7 28. Nxg6 Bf6 29. Nf4 e5 30. Nxh5 Bh8 31. d5 c5 32. d6 Rd7 33. Bxb7 Rxb7 34. Rxc5 Rd7 35. Rc6 Red8 36. Rd1 a5 37. f3 e4 38. fxe4 fxe4 39. b3 a4 40. bxa4 bxa4 41. Nf4 Bb2 42. Ne6 Rb8 43. Nc5 Rdd8 44. d7 Bxa3 45. Ne6 Be7 46. Nxd8 Rxd8 47. Rc8 Kf7 48. Rd4 a3 49. Rxd8 Bxd8 50. Rxe4 Be7 51. Kg2 Bd8 52. Kf3 Bc7 53. Ra4 Ke7 54. Rxa3 Kxd7 55. Ra7 Kc6 56. Rxc7+ Kxc7 57. g4 Kd6 58. g5 Ke6 59. Kg4 Kf7 60. h5 Kg7 61. e4 Kh8 62. e5 Kg7 63. Kf5 Kf7 64. e6+ Kg7 65. g6 Kg8 66. Kf6 Kf8 67. e7+ Ke8 68. g7 Kd7 69. g8=Q 1-0


[Site "https://www.chess.com"]

[Event "Titled Tuesday Blitz January 10 Early 2023"]
[White "Samaganova, Aleksandra"]
[Black "Namitbir Singh Walia"]
[WhiteFideId "13800221"]
[BlackFideId "35071068"]
[WhiteElo "1856"]
[BlackElo "2364"]
[Result "0-1"]
[Round "06"]
[TimeControl "180+2"]
[Date "2023.01.10"]
[WhiteClock "0:00:02"]
[BlackClock "0:00:04"]

1. c4 Nf6 2. Nc3 c5 3. Nf3 Nc6 4. e3 d5 5. cxd5 Nxd5 6. d4 e6 7. Bd3 Be7 8. O-O h6 9. a3 O-O 10. Bc2 cxd4 11. exd4 Nf6 12. Re1 b6 13. Qd3 Bb7 14. Ne4 Re8 15. Bf4 Rc8 16. Rad1 Qd5 17. Bb3 Qh5 18. Ng3 Qa5 19. Bd2 Ba6 20. Qe3 Qb5 21. a4 Qd3 22. Qxd3 Bxd3 23. Be3 Bg6 24. Ne5 Na5 25. Nxg6 Nxb3 26. Nxe7+ Rxe7 27. Bf4 Rd7 28. Be5 Ng4 29. h3 Nxe5 30. dxe5 Rxd1 31. Rxd1 Rc1 32. Rxc1 Nxc1 33. Ne4 Nd3 34. Nd6 Nxb2 35. Nc8 Nxa4 36. Nxa7 Kf8 37. Kf1 Ke7 38. Ke2 Kd7 39. Kd3 Nb2+ 40. Kd4 Nd1 41. f3 Nf2 42. Nb5 f6 43. exf6 gxf6 44. Ke3 Nd1+ 45. Kd2 Nb2 46. Kc3 Na4+ 47. Kd4 Nc5 48. Na7 Nb3+ 49. Kc3 Na5 50. Nb5 Kc6 51. Nd4+ Kd5 52. Nb5 Nc6 53. Nc7+ Kd6 54. Nb5+ Kc5 55. Nc7 Nd8 56. Na6+ Kb5 57. Nc7+ Kc6 58. Na6 b5 59. Nb4+ Kc5 60. Nd3+ Kb6 61. g4 e5 62. h4 Ne6 63. Nf2 Nc5 64. g5 hxg5 65. hxg5 fxg5 66. Nh3 e4 67. fxe4 Nxe4+ 68. Kd4 g4 69. Nf4 Nf2 70. Ke3 Nh3 71. Ng2 Ka5 72. Kd2 Ka4 73. Kc1 Ka3 74. Kb1 b4 75. Ne3 g3 76. Nc2+ Kb3 77. Ne3 Nf4 0-1


[Site "https://www.chess.com"]

[Event "Titled Tuesday Blitz January 10 Early 2023"]
[White "Campbell, Charles"]
[Black "Avazkhonov, Alikhon"]
[WhiteFideId "8500436"]
[BlackFideId "14208504"]
[WhiteElo "2179"]
[BlackElo "1538"]
[Result "1-0"]
[Round "06"]
[TimeControl "180+2"]
[Date "2023.01.10"]
[WhiteClock "0:01:04"]
[BlackClock "0:00:08"]

1. d4 Nf6 2. Nf3 e6 3. c4 Bb4+ 4. Bd2 Qe7 5. Nc3 O-O 6. e3 Bxc3 7. Bxc3 Ne4 8. Qc2 Nxc3 9. Qxc3 Nc6 10. a3 d6 11. Be2 e5 12. O-O Bg4 13. dxe5 Nxe5 14. Nxe5 Bxe2 15. Rfe1 Qxe5 16. Qxe5 dxe5 17. Rxe2 Rfd8 18. Rc1 Rd3 19. Rec2 Rad8 20. Kf1 c5 21. Ke2 e4 22. f3 f5 23. fxe4 fxe4 24. Rf1 Rf8 25. Rxf8+ Kxf8 26. Rd2 Rb3 27. Rc2 Ke7 28. Rd2 Ke6 29. Kf2 a5 30. Ke2 a4 31. Kf2 h5 32. Ke2 g5 33. Kf2 Rd3 34. Ke2 Rxd2+ 35. Kxd2 Kf5 36. Ke2 Kg4 37. Kf2 h4 38. h3+ Kf5 39. g4+ Ke5 40. Ke2 Kd6 41. Kd2 Kc6 42. Kc3 b5 43. b4 Kb6 44. bxc5+ Kxc5 45. cxb5 Kxb5 46. Kd4 Kc6 47. Kxe4 Kc5 48. Kd3 Kd5 49. e4+ Ke5 50. Ke3 Ke6 51. Kd4 Kd6 52. e5+ Ke6 53. Ke4 Ke7 54. Kf5 Kf7 55. Kxg5 Ke6 56. Kf4 Ke7 57. Kf5 Kf7 58. e6+ 1-0


[Site "https://www.chess.com"]

[Event "Titled Tuesday Blitz January 10 Early 2023"]
[White "Chernomordik, Pavel"]
[Black "Luxama, Jacques Muller"]
[WhiteFideId "2804530"]
[BlackFideId "11900113"]
[WhiteElo "2150"]
[BlackElo "1933"]
[Result "0-1"]
[Round "06"]
[TimeControl "180+2"]
[Date "2023.01.10"]
[WhiteClock "0:00:05"]
[BlackClock "0:00:16"]

1. e4 e5 2. Nf3 Nc6 3. Bb5 a6 4. Ba4 Nf6 5. Qe2 b5 6. Bb3 Bc5 7. a4 Rb8 8. axb5 axb5 9. O-O O-O 10. c3 Re8 11. h3 h6 12. Rd1 d5 13. d3 b4 14. Ba4 Bd7 15. Nbd2 bxc3 16. bxc3 Ra8 17. exd5 Nxd5 18. Ne4 Bb6 19. Qc2 Qe7 20. Ba3 Qe6 21. Nc5 Bxc5 22. Bxc5 Nf4 23. Ne1 Qg6 24. Kf1 Bf5 25. Bb5 Rxa1 26. Rxa1 Rb8 27. Bc4 e4 28. Be3 Nxd3 29. Nxd3 exd3 30. Qa4 Ne5 31. Bd5 d2 32. Bxd2 Bd3+ 33. Kg1 c6 0-1


[Site "https://www.chess.com"]

[Event "Titled Tuesday Blitz January 10 Early 2023"]
[White "Jaskolka, Tomasz"]
[Black "Kho, Darrell"]
[WhiteFideId "1170791"]
[BlackFideId "1019317"]
[WhiteElo "2238"]
[BlackElo "2075"]
[Result "1-0"]
[Round "06"]
[TimeControl "180+2"]
[Date "2023.01.10"]
[WhiteClock "0:00:59"]
[BlackClock "0:00:07"]

1. d4 f5 2. Bg5 g6 3. h4 h6 4. Bf4 Nf6 5. e3 d6 6. Nf3 Bg7 7. c4 e6 8. Nc3 Nbd7 9. Be2 Qe7 10. Qb3 e5 11. dxe5 dxe5 12. Bg3 c6 13. Rd1 Nh5 14. Bh2 e4 15. Nd4 Bxd4 16. Rxd4 Qxh4 17. Qc2 Nhf6 18. Rd6 Ng4 19. Nxe4 Nxh2 20. Qc3 O-O 21. Rxg6+ 1-0


[Site "https://www.chess.com"]

[Event "Titled Tuesday Blitz January 10 Early 2023"]
[White "Lakshmi C"]
[Black "Osinovsky, Stepan"]
[WhiteFideId "25035347"]
[BlackFideId "4157354"]
[WhiteElo "1928"]
[BlackElo "2241"]
[Result "1-0"]
[Round "06"]
[TimeControl "180+2"]
[Date "2023.01.10"]
[WhiteClock "0:00:07"]
[BlackClock "0:00:02"]

1. e4 e5 2. Nf3 Nc6 3. Bb5 a6 4. Ba4 Nf6 5. O-O Be7 6. Re1 b5 7. Bb3 O-O 8. h3 Bb7 9. d3 d5 10. exd5 Nxd5 11. Nxe5 Nxe5 12. Rxe5 c5 13. c3 Bf6 14. Re1 b4 15. Qc2 a5 16. a4 g6 17. Rd1 Re8 18. d4 Qc7 19. c4 Nf4 20. d5 Bc8 21. d6 Qc6 22. Bxf4 Bb7 23. f3 Bd4+ 24. Kh1 Re6 25. Nd2 Re2 26. Qd3 Rae8 27. Ne4 Rxb2 28. Be3 f5 29. Bxd4 fxe4 30. Qe3 1-0


[Site "https://www.chess.com"]

[Event "Titled Tuesday Blitz January 10 Early 2023"]
[White "Hartikainen, Jarmo"]
[Black "Erzhanov, Arman"]
[WhiteFideId "503134"]
[BlackFideId "4138821"]
[WhiteElo "2108"]
[BlackElo "2228"]
[Result "0-1"]
[Round "06"]
[TimeControl "180+2"]
[Date "2023.01.10"]
[WhiteClock "0:00:16"]
[BlackClock "0:01:17"]

1. e4 d6 2. d4 Nf6 3. Nc3 e5 4. Nf3 Nbd7 5. Be2 Be7 6. O-O O-O 7. Re1 c6 8. a4 b6 9. Bf1 Bb7 10. g3 a6 11. Bg2 b5 12. axb5 axb5 13. Rxa8 Qxa8 14. Bg5 Re8 15. Qa1 b4 16. Na4 h6 17. Bd2 exd4 18. Nxd4 c5 19. Nf5 Bxe4 20. Bxe4 Nxe4 21. f3 Nxd2 22. Nxe7+ Kf8 23. Nf5 Rxe1+ 24. Qxe1 Nxf3+ 0-1


[Site "https://www.chess.com"]

[Event "Titled Tuesday Blitz January 10 Early 2023"]
[White "Gracia Alvarez, Gerardo Antonio"]
[Black "Adam, Ernestina"]
[WhiteFideId "5109124"]
[BlackFideId "165883"]
[WhiteElo "2238"]
[BlackElo "2040"]
[Result "0-1"]
[Round "06"]
[TimeControl "180+2"]
[Date "2023.01.10"]
[WhiteClock "0:00:02"]
[BlackClock "0:00:03"]

1. d4 Nf6 2. Bf4 d5 3. Nf3 c5 4. e3 Nc6 5. Nbd2 g6 6. c3 c4 7. e4 dxe4 8. Ne5 Nxe5 9. Bxe5 Bg7 10. Nxe4 O-O 11. Nxf6+ exf6 12. Bf4 Re8+ 13. Be2 Qe7 14. Be3 f5 15. Qd2 Bd7 16. g3 Bc6 17. Rg1 b5 18. O-O-O a5 19. d5 Rad8 20. Bf3 b4 21. Bd4 bxc3 22. Qxc3 Bh6+ 23. Kb1 Bxd5 24. Bf6 Be4+ 25. Ka1 Qc7 26. Rxd8 Rxd8 27. Bxd8 Qxd8 28. Bxe4 fxe4 29. Qxc4 Bg7 30. Qxe4 Qb8 31. Qe2 a4 32. Re1 Qb4 33. Qe8+ Bf8 34. a3 Qd2 35. Qe2 Qd4 36. Rd1 Qf6 37. Kb1 Qf5+ 38. Qc2 Qb5 39. Qd3 Qb6 40. Qd4 Qb5 41. Qd3 Qb6 42. Qd4 Qb5 43. f4 Bxa3 44. Qd8+ Bf8 45. Qd5 Qb7 46. Qxb7 a3 47. bxa3 Bg7 48. Rd8+ Bf8 49. Qb8 Kg7 50. Rxf8 Kf6 51. Rg8 Kf5 52. Qb6 Kg4 53. Qf2 Kh3 54. g4 Kxg4 0-1


[Site "https://www.chess.com"]

[Event "Titled Tuesday Blitz January 10 Early 2023"]
[White "Sattarov, Bobir"]
[Black "Qashashvili, Alexandre"]
[WhiteFideId "14203081"]
[BlackFideId "13600842"]
[WhiteElo "2366"]
[BlackElo "2505"]
[Result "1-0"]
[Round "06"]
[TimeControl "180+2"]
[Date "2023.01.10"]
[WhiteClock "0:01:45"]
[BlackClock "0:00:06"]

1. e4 c6 2. c4 d6 3. d4 g6 4. Nc3 Bg7 5. Nf3 Nf6 6. Be2 O-O 7. O-O h5 8. h3 b6 9. Be3 d5 10. cxd5 cxd5 11. e5 Nh7 12. Qb3 Bb7 13. Rfc1 e6 14. a4 Nc6 15. a5 f6 16. a6 Bc8 17. Nxd5 Nxe5 18. Nc7 Nxf3+ 19. Bxf3 Rb8 20. Nxe6 Bxe6 21. Qxe6+ Kh8 22. Bf4 Rc8 23. Rxc8 Qxc8 24. Qxc8 Rxc8 25. Rc1 Rxc1+ 26. Bxc1 Ng5 27. Bf4 Nxf3+ 28. gxf3 f5 29. d5 Bxb2 30. Be3 Be5 31. Bxb6 Bb8 32. Bxa7 Bxa7 33. d6 Kg7 34. d7 Bb6 35. a7 Bxa7 36. d8=Q Kh6 37. Qd2+ g5 38. Qd6+ Kg7 39. Qd7+ Kg6 40. Qxa7 h4 41. f4 Kh5 42. fxg5 Kxg5 43. Qe3+ f4 44. Qf3 Kf5 45. Qg4+ Ke4 46. Qxh4 Kf3 47. Qg4+ Ke4 48. h4 Kd3 49. h5 f3 50. h6 Ke2 51. h7 Kd3 52. h8=Q Ke2 53. Qe5+ Kd1 54. Qxf3+ Kc2 55. Qec3+ Kb1 56. Qd1+ Ka2 57. Qda1# 1-0


[Site "https://www.chess.com"]